 Dungeon Crawl Stone Soup version 0.21.1-1-g345015f (webtiles) character file.

246 suicidejoker the Sneak (level 6, -8/43 HPs)
             Began as an Octopode Monk on Apr 8, 2018.
             Killed by divine providence
             ... invoked by an orc priest
              (11 damage)
             ... on level 3 of the Dungeon.
             The game lasted 00:15:09 (3588 turns).

suicidejoker the Sneak (Octopode Monk)              Turns: 3588, Time: 00:15:10

Health: -8/43      AC:  1    Str: 12    XL:     6   Next: 11%
Magic:  8/8        EV: 15    Int: 13    God:
Gold:   160        SH:  0    Dex: 14    Spells: 8/8 levels left

rFire    . . .     SeeInvis .   a - +0 dagger
rCold    . . .     Gourm    .   (no shield)
rNeg     . . .     Faith    .   (helmet restricted)
rPois    .         Spirit   .   (no amulet)
rElec    .         Reflect  .   (no ring)
rCorr    .         Harm     .   (no ring)
MR       .....                  (no ring)
Stlth    ++++......             (no ring)
HPRegen  0.14/turn              (no ring)
MPRegen  0.11/turn              (no ring)
                                (no ring)
                                (no ring)

@: no status effects
A: almost no armour, stealthy swim, amphibious, 8 rings, constrict 8, camouflage
1, gelatinous body 1
a: no special abilities


You were on level 3 of the Dungeon.
You were not hungry.

You visited 1 branch of the dungeon, and saw 3 of its levels.

You collected 160 gold pieces.

Inventory:

Hand Weapons
 a - a +0 dagger (weapon)
 b - a +0 hunting sling
Missiles
 d - 165 stones (quivered)
 e - 23 poisoned needles
 h - 11 needles of sleeping
 p - 20 arrows
 q - 2 javelins
 r - 7 steel tomahawks
 u - 22 sling bullets
 w - a throwing net
 x - 24 bolts
Wands
 f - a wand of paralysis (14)
Scrolls
 c - 3 scrolls of remove curse
 l - 3 scrolls of teleportation
Potions
 g - a potion of haste
 i - a potion of agility
 k - 4 potions of curing
 n - 3 potions of heal wounds
 o - a potion of might
 t - a potion of ambrosia
 v - a potion of degeneration
Comestibles
 j - 6 rations


   Skills:
 + Level 3.7 Fighting
 + Level 3.6 Dodging
 * Level 5.1 Stealth
 * Level 4.3 Unarmed Combat
 + Level 1.7 Spellcasting


You had 8 spell levels left.
You didn't know any spells.

Dungeon Overview and Level Annotations

Branches:
Dungeon (3/15)

Altars:
Elyvilon

Annotations:
D:3 1 transporter


Innate Abilities, Weirdness & Mutations

You cannot wear most types of armour.
You are very stealthy in the water. (Stealth+)
You are amphibious.
You can wear up to eight rings at the same time.
You can use your tentacles to constrict eight enemies at once.
Your skin changes colour to match your surroundings (Stealth+).
Your rubbery body absorbs attacks. (AC +1, EV +1)


Message History

The shadow imp shouts, "Get thee hence, thou pribbling ill-nurtured vulture!"
You open the door. The shadow imp gestures at you.
Pain shoots through your body!
The orc priest miscasts a cantrip.
There is an open door here.
The orc priest casts a cantrip, but nothing happens.
The orc priest mumbles some strange prayers to Beogh against you.
Beogh smites you!
The shadow imp disappears for a moment.
The orc priest mumbles some strange prayers to Beogh against you.
Beogh smites you!
The orc priest begins to cast a cantrip, but forgets the words!
You open the door. The shadow imp gestures at you.
Pain shoots through your body!
* * * LOW HITPOINT WARNING * * *
The orc priest invokes the aid of Beogh against you.
Beogh smites you!
You die...

##..#.####'####..#.........
#..#.#.≈...≈.#............
#..#.#.≈...≈.#..#...####..
#..#.#.≈P≈≈≈.#......# #..
#..#.#.≈≈♣≈≈o#...#..####..
#..#.#.≈≈≈≈≈.#............
#..#.#.≈...≈5#.#.#..###...
#..#.#5≈...≈o#......###...
#..#.####@####.#.#.###...#
#..#.#≈..$..≈#.#.#.......#
#..#.#8P$©$P8#.#.#####...#
#....#########.........<..
####.##.)...©.....#.######.##
#.....###.)...#####.# #.#
#.....# #....## #.# #.#
#.....# #.#### ##.## #.#
#.....###.## #...# #.#


You could see 2 orc priests and 2 shadow imps.

Vanquished Creatures
  An orc wizard (D:3)
  An iguana (D:2)
  A worker ant (D:2)
  6 gnolls (D:3)
  3 adders
  2 oozes (D:1)
  3 worms (D:2)
  A dart slug (D:2)
  4 leopard geckos
  2 orcs (D:3)
  3 bats
  3 giant cockroaches
  7 goblins
  10 hobgoblins
  2 jackals (D:2)
  6 kobolds
  A ball python (D:1)
  4 frilled lizards
  6 rats
66 creatures vanquished.

Notes
Turn   | Place    | Note
-------+----------+-------------------------------------------
     0 | D:1      | suicidejoker the Octopode Monk began the quest for the Orb.
     0 | D:1      | Reached XP level 1. HP: 16/16 MP: 1/1
   128 | D:1      | Reached skill level 3 in Stealth
   128 | D:1      | Reached XP level 2. HP: 21/21 MP: 2/2
   582 | D:1      | Reached XP level 3. HP: 26/26 MP: 3/3
  1265 | D:2      | Found a white marble altar of Elyvilon.
  1491 | D:2      | Reached skill level 1 in Spellcasting
  1611 | D:2      | Reached XP level 4. HP: 31/31 MP: 5/5
  1737 | D:2      | Reached skill level 4 in Stealth
  2140 | D:2      | Reached XP level 5. HP: 27/36 MP: 6/6
  2558 | D:3      | Found a transporter.
  2558 | D:3      | Found a transporter.
  3323 | D:3      | Reached skill level 5 in Stealth
  3323 | D:3      | Reached XP level 6. HP: 43/43 MP: 8/8
  3588 | D:3      | Killed from afar by an orc priest

Skill      XL: |  1  2  3  4  5 |
---------------+----------------+-----
Stealth        | 3 4 5 |  5.1
Spellcasting   | 1 |  1.7
Unarmed Combat | 4 |  4.3
Fighting       | |  3.7
Dodging        | |  3.6

Action                   |  1- 3 |  4- 6 || total
-------------------------+-------+-------++-------
Melee: Unarmed           |    31 |       ||    31
       Constrict         |    16 |    17 ||    33
       Tentacles         |     8 |    12 ||    20
       Dagger            |    27 |    63 ||    90
       Punch             |     1 |       ||     1
 Fire: Hunting sling     |    13 |    56 ||    69
  Use: Scroll            |       |    11 ||    11
 Stab: Sleeping          |     6 |     8 ||    14
  Eat: Chunk             |     2 |     6 ||     8
Armor: Skin              |     3 |       ||     3
Dodge: Dodged            |    30 |    42 ||    72
